Construct Section Command Post
Selects Australian Defense Battlegroup
Selects Australian Light Infantry Section
Selects Defensive Tactics
Construct Platoon Command Post
Construct Field Infirmary
Selects Vehicle Over Repair
Selects CMP 15cwt Supply Run
Construct Company Command Post
Unlock Bishop Self-propelled Artillery
Bishop Self-propelled Artillery
Selects Reinforced Resource Caches
Unlock M3 Grant Medium Tanks
Selects Charged Creeping Barrage
Selects Charged Creeping Barrage
Australian Light Infantry Section